 Dungeon Crawl Stone Soup version 0.28.0-53-g5a82cb258f (webtiles) character file.

Game seed: 6999386534879321699

66 MiltankisOP the Sneak (level 4, -1/26 HPs)
             Began as a Kobold Brigand on June 17, 2022.
             Slain by Crazy Yiuf
             ... wielding a +4 quarterstaff of chaos
              (12 damage)
             ... on level 2 of the Dungeon.
             The game lasted 00:03:29 (1963 turns).

MiltankisOP the Sneak (Kobold Brigand)              Turns: 1963, Time: 00:03:30

Health: -1/26      AC:  4    Str:  8    XL:     4   Next: 37%
Magic:  4/4        EV: 14    Int: 12    God:
Gold:   63         SH:  0    Dex: 18    Spells: 3/3 levels left

rFire   . . .      SeeInvis .   h - +2 short sword (elec)
rCold   . . .      Faith    .   (no shield)
rNeg    . . .      Spirit   .   b - +0 robe
rPois   .          Reflect  .   f - +0 helmet
rElec   .          Harm     .   c - +0 cloak
rCorr   .          Rampage  .   (no gloves)
Will    .....                   (no boots)
Stlth   +++++.....              (no amulet)
HPRegen 0.08/turn               (no ring)
MPRegen 0.09/turn               (no ring)

@: no status effects
A: small, no large weapons, nightstalker 3
a: no special abilities


You were on level 2 of the Dungeon.
You visited 1 branch of the dungeon, and saw 2 of its levels.

You collected 63 gold pieces.

Inventory:

Hand Weapons
 a - a +2 dagger
 h - a +2 short sword of electrocution (weapon)
 n - the +6 hunting sling "Kyhadiol" {venom, *Corrode rC+ Dex+9 Stlth+}
   (You found it on level 2 of the Dungeon)

   Any ammunition fired from it poisons the flesh of those it strikes.
   Dex:       It affects your dexterity (+9).
   rC:        It protects you from cold.
   *Corrode:  It may corrode you when you take damage.
   Stlth:     It makes you more stealthy.
Missiles
 d - 8 poisoned darts (quivered)
 e - 2 curare-tipped darts
Armour
 b - a +0 robe (worn)
 c - a +0 cloak (worn)
 f - a +0 helmet (worn)
Scrolls
 g - a scroll of holy word {unknown}
 k - a scroll of identify {unknown}
 m - a scroll of teleportation {unknown}
Potions
 i - a potion of berserk rage {unknown}
 j - a potion of degeneration {unknown}
 l - a potion of mutation {unknown}
 o - a potion of ambrosia {unknown}


   Skills:
 - Level 2.1 Fighting
 + Level 4.4 Short Blades
 - Level 2.1 Throwing
 - Level 1.2 Dodging
 + Level 6.6 Stealth


You had 3 spell levels left.
You didn't know any spells.
Your spell library contained the following spells:

 Spells                   Type           Power      Damage    Failure   Level
 Animate Skeleton         Necr           0%         N/A       32%         1
 Pain                     Necr           0%         1d4       32%         1
 Vampiric Draining        Necr           0%         2d6       69%         3


Dungeon Overview and Level Annotations

Branches:
Dungeon (2/15)

Altars:
Sif Muna

Annotations:
D:2 Crazy Yiuf


Innate Abilities, Weirdness & Mutations

You are small and have problems with some larger weapons.
You are completely attuned to the shadows.


Message History

You kill the ball python!
The helpless giant cockroach fails to defend itself.
You impale the giant cockroach!!
You kill the giant cockroach!
No target in view!
You see here a giant cockroach corpse.
An endoplasm comes into view.
An endoplasm is nearby!
The helpless endoplasm fails to defend itself.
You impale the endoplasm!!
You kill the endoplasm!
No target in view!
No target in view!
No target in view!
No target in view!
No target in view!
No target in view!
You now have 63 gold pieces (gained 9).
You see here a giant cockroach corpse.
There is a stone staircase leading up here.
o - a blue potion
Found a runed translucent door.
Found a mace.
You open the door.
Crazy Yiuf shouts!
There is an open translucent door here.
Crazy Yiuf cries, "You leg down broken song, no?"
Crazy Yiuf yells, "Iron tea tired!"
Okay, then.
Crazy Yiuf says, "Crazy?
Crazy!?
PORCUPINE!"
You hit Crazy Yiuf.
Crazy Yiuf is lightly wounded.
You hit Crazy Yiuf.
Crazy Yiuf is moderately wounded.
Crazy Yiuf hits you with a +4 quarterstaff of chaos!
Crazy Yiuf freezes you.
You closely miss Crazy Yiuf.
Crazy Yiuf is moderately wounded.
Crazy Yiuf hits you with a +4 quarterstaff of chaos!
You die...

...[.# #.# ..##.# ###### #.#
#.# ### #.# #.# #.# #.# #.#
#### ###### #.# #.# #)..###
##..+.## #.# #.#
#...'.####......###.## #.#
#...##g.#.#....g@....#######.#
#### ###.#...+...............#
#######################
############# ............#
###########.# # #........#
#.########


You could see Crazy Yiuf.

Vanquished Creatures
  An adder (D:2)
  A gnoll (D:1)
  3 dart slugs
  4 ball pythons
  3 bats (D:1)
  6 endoplasms
  2 giant cockroaches
  5 goblins
  2 hobgoblins
  2 jackals (D:1)
  2 quokkas (D:1)
  3 frilled lizards
  4 kobolds (D:1)
  A rat (D:1)
39 creatures vanquished.

Notes
Turn   | Place    | Note
-------+----------+-------------------------------------------
     0 | D:1      | MiltankisOP the Kobold Brigand began the quest for the Orb.
     0 | D:1      | Reached XP level 1. HP: 12/12 MP: 1/1
    84 | D:1      | Reached XP level 2. HP: 17/17 MP: 2/2
   500 | D:1      | Reached XP level 3. HP: 14/21 MP: 3/3
   510 | D:1      | Reached skill level 6 in Stealth
   519 | D:1      | Found a faded altar of an unknown god.
  1440 | D:2      | Reached XP level 4. HP: 26/26 MP: 4/4
  1630 | D:2      | Found a shimmering blue altar of Sif Muna.
  1675 | D:2      | Identified the +6 hunting sling "Kyhadiol" {venom, *Corrode
                  | rC+ Dex+9 Stlth+}
  1943 | D:2      | Found a runed translucent door.
  1946 | D:2      | Noticed Crazy Yiuf
  1963 | D:2      | Slain by Crazy Yiuf

Illustrated notes

Levels and vault maps discovered:
D:1:      dpeg_arrival_water_altar, layout_basic,
          hellmonk_ecumenical_altar_dog_temple
D:2:      layout_loops_ring, basic_altar, uniq_crazy_yiuf_cottage

Skill      XL: |  1  2  3 |
---------------+----------+-----
Short Blades   | 3 4 |  4.4
Stealth        | 6 |  6.6
Fighting       | |  2.1
Throwing       | |  2.1
Dodging        | |  1.2

Action                   |  1- 3 |  4- 6 || total
-------------------------+-------+-------++-------
Melee: Dagger            |    68 |       ||    68
       Short sword       |    12 |    13 ||    25
       Punch             |     1 |       ||     1
 Stab: Sleeping          |    17 |     7 ||    24
Armor: Robe              |    11 |     1 ||    12
Dodge: Dodged            |    37 |     1 ||    38
